cohdb
Replays
Latest Replays
All Replays
Popular Replays
Top Player Replays
Match Explorer
How It Works
Community
CoH3 Stats
Reddit
Sign in to upload your games and track your stats! →
Sign in with Steam
Match 44510164
Unlisted
Match 44510164
Overview
Messages
Build Orders
End
Vickers Machine Gun Team
Selects Canadian Shock Battlegroup
Vickers Machine Gun Team
Construct Field Infirmary
Selects Attacking Spirit
Selects Canadian Shock Section
Canadian Shock Section
Construct Section Command Post
Construct Platoon Command Post
Canadian Shock Section
Selects Incendiary Munitions
Unlock M3 Stuart Light Tanks
M3 Stuart Light Tank
M3 Stuart Light Tank
6-pounder Anti-tank Gun Team
Construct Company Command Post
Selects Pyrotechnics
Crusader II Medium Tank
Crusader II Medium Tank
Selects Churchill Crocodile Heavy Tank
Canadian Shock Section
Churchill Crocodile Heavy Tank
Infantry Training
Selects Smoke Operation
Unlock M3 Grant Medium Tanks
Royal Engineer Section
Smoke Operation
M3 Grant Medium Tank
Armored Vehicle Training
Smoke Operation
M3 Grant Medium Tank
Smoke Operation
M3 Grant Medium Tank
Randall Dean Clark
Beard
[◇] 7ilted
Tom
woof_raff
엔셀라
VBme
Friendly Mouse(Poxie)
0
0
Comments
sign in to comment!
No comments posted yet!